 Dungeon Crawl Stone Soup version 0.30.0-10-gfe55d96785 (webtiles) character file.

Game seed: 7031096659075440649

26 Pimp the Shooter (level 2, -3/17 HPs)
             Began as a Deep Elf Hunter on May 13, 2023.
             Slain by a gnoll
             ... wielding a +0 halberd
              (7 damage)
             ... on level 2 of the Dungeon.
             The game lasted 00:02:07 (931 turns).

Pimp the Shooter (Deep Elf Hunter)                   Turns: 931, Time: 00:02:08

Health: -3/17      AC:  7    Str:  8    XL:     2   Next: 89%
Magic:  4/4        EV:  8    Int: 13    God:
Gold:   47         SH:  0    Dex: 18    Spells: 1/1 levels left

rFire   . . .        a - +0 shortbow
rCold   . . .        (shield currently unavailable)
rNeg    . . .        g - +0 scale mail
rPois   .            (no helmet)
rElec   .            (no cloak)
rCorr   .            (no gloves)
SInv    .            k - +0 pair of boots
Will    .....        (no amulet)
Stlth   +            (no ring)
HPRegen 0.22/turn    (no ring)
MPRegen 0.09/turn

%: no passive effects
@: no status effects
A: no striking features
a: no special abilities


You were on level 2 of the Dungeon.
You visited 1 branch of the dungeon, and saw 2 of its levels.

You collected 47 gold pieces.

Inventory:

Hand Weapons
 a - a +0 shortbow (weapon)
Armour
 c - a +0 leather armour
 g - a +0 scale mail (worn)
 k - a +0 pair of boots (worn)
Scrolls
 b - 2 scrolls of immolation
 d - 2 scrolls of blinking {unknown}
 h - a scroll of amnesia {unknown}
 i - a scroll of enchant armour {unknown}
Potions
 e - a potion of mutation {unknown}
 f - a potion of curing {unknown}
 j - a potion of berserk rage {unknown}


   Skills:
 + Level 1.9 Fighting
 * Level 5.8 Ranged Weapons
 + Level 2.8 Dodging
 + Level 2.0 Stealth


You had one spell level left.
You didn't know any spells.
Your spell library contained the following spells:

 Spells                   Type           Power      Damage    Failure   Level
 Lesser Beckoning         Tloc           0%         N/A       99%         2
 Gell's Gravitas          Tloc           0%         N/A       100%        3
 Teleport Other           Tloc           0%         N/A       100%        3


Dungeon Overview and Level Annotations

Branches:
Dungeon (2/15)

Altars:

Shops:
D:1 (


Message History

There is a stone staircase leading up here.
You climb upwards.
There is a stone staircase leading down here.
There is a stone staircase leading down here.
You climb downwards.
The adder hisses angrily.
The goblin shouts!
Found 16 gold pieces.
There is a stone staircase leading up here.
Okay, then.
You shoot an arrow. The arrow hits the gnoll!
The gnoll is heavily wounded.
You hear a shout!
The gnoll throws a throwing net.
The throwing net barely misses you. The gnoll closely misses you.
You hear an angry hiss.
You shoot an arrow. The arrow hits the gnoll.
The gnoll is almost dead.
The gnoll throws a throwing net.
The throwing net hits you.
You become entangled in the net!
You are held in a net!
Unknown command.
You tear a large gash into the net.
The adder bites you but does no damage.
The gnoll hits you from afar with a +0 spear.
The adder bites you but does no damage.
You struggle against the net.
A gnoll comes into view. It is wielding a +0 halberd.
The gnoll hits you from afar with a +0 spear.
The adder bites you.
You struggle against the net.
The gnoll hits you from afar with a +0 spear.
The adder bites you but does no damage.
You rip the net and break free!
The gnoll hits you from afar with a +0 spear.
The adder bites you but does no damage. The goblin hits you but does no damage.
The goblin hits you with a +2 vampiric dagger.
* * * LOW HITPOINT WARNING * * *
A bat comes into view.
The adder bites you but does no damage.
The gnoll hits you from afar with a +0 halberd!
You die...

....$... #..
......###..
###..b...... .
........... #..
#.(....... ....
##....... .....
#.....gS#......
#....@gg.....
.....####g.....
..# ..... ####
..


You could see 2 gnolls, an adder, 2 goblins and a bat.

Vanquished Creatures
  An endoplasm (D:1)
  A giant cockroach (D:1)
  3 goblins (D:1)
  A hobgoblin (D:1)
  4 jackals (D:1)
  5 ball pythons (D:1)
  3 bats (D:1)
  A frilled lizard (D:1)
  3 kobolds (D:1)
  2 rats (D:1)
24 creatures vanquished.

Notes
Turn   | Place    | Note
-------+----------+-------------------------------------------
     0 | D:1      | Pimp the Deep Elf Hunter began the quest for the Orb.
     0 | D:1      | Reached XP level 1. HP: 12/12 MP: 3/3
     5 | D:1      | Found a faded altar of an unknown god.
   138 | D:1      | Reached XP level 2. HP: 16/17 MP: 4/4
   327 | D:1      | Found Astyimol's Antique Weapon Emporium.
   931 | D:2      | Slain by a gnoll

Illustrated notes

Levels and vault maps discovered:
D:1:      minmay_arrival_diagonal_passages, layout_basic,
          ebering_ecumenical_altar_abandoned, serial_shops, shop
D:2:      layout_rooms, uniq_robin

Skill      XL: |  1  2 |
---------------+-------+-----
Stealth        | 2 |  2.0
Fighting       | |  1.9
Ranged Weapons | |  5.8
Dodging        | |  2.8

Action                     || total
---------------------------++-------
   Fire: Shortbow          ||    69
 Armour: Leather armour    ||     3
         Scale mail        ||    30
  Dodge: Dodged            ||    13
